 Dungeon Crawl Stone Soup version 0.24.0-125-gc4c63601f3 (webtiles) character file.

Game seed: 10018079755921424146, levelgen mode: deterministic

13050 Peloso the Carver (level 11, -1/95 HPs)
             Began as a Minotaur Fighter on Mar 9, 2020.
             Was a High Priest of Okawaru.
             Killed from afar by an electric eel (9 damage)
             ... with a bolt of electricity
             ... on level 12 of the Dungeon.
             The game lasted 00:20:03 (9096 turns).

Peloso the Carver (Minotaur Fighter)                Turns: 9096, Time: 00:20:04

Health: -1/95      AC: 19    Str: 22    XL:     11   Next: 70%
Magic:  11/11      EV:  7    Int:  5    God:    Okawaru [*****.]
Gold:   59         SH: 13    Dex: 14    Spells: 10/10 levels left

rFire    . . .     SeeInvis +   b - +0 scimitar (flame)
rCold    + + .     Gourm    .   c - +0 shield
rNeg     + . .     Faith    .   x - +0 plate armour
rPois    .         Spirit   .   (helmet restricted)
rElec    .         Reflect  .   g - +0 cloak (curse)
rCorr    .         Harm     .   (no gloves)
MR       +....                  (no boots)
Stlth    ..........             v - amulet of rage
HPRegen  0.25/turn              M - ring of Woip {rC+ rN+ Dex+2 SInv}
MPRegen  0.12/turn              u - +3 ring of protection

@: no status effects
A: retaliatory headbutt, horns 2, cold resistance 1, magic resistance 1
a: Heroism, Finesse, Renounce Religion, Evoke Berserk Rage


You were on level 12 of the Dungeon.
You worshipped Okawaru.
Okawaru was extremely pleased with you.
You were hungry.

You visited 2 branches of the dungeon, and saw 13 of its levels.
You also visited: Ossuary.

You collected 740 gold pieces.
You spent 681 gold pieces at shops.

Inventory:

Hand Weapons
 a - a +2 long sword of protection
 b - a +0 scimitar of flaming (weapon)
Armour
 c - a +0 shield (worn)
 g - a cursed +0 cloak (worn)
 x - a +0 plate armour (worn)
Jewellery
 j - an uncursed ring of stealth
 t - an uncursed ring of wizardry
 u - a +3 ring of protection (right hand)
 v - an amulet of rage (around neck)
 F - an uncursed ring of ice
 H - an uncursed ring of protection from magic {unknown}
 M - the ring of Woip (left hand) {rC+ rN+ Dex+2 SInv}
   (You bought it in a shop on level 9 of the Dungeon)

   [ring of positive energy]

   It affects your dexterity (+2).
   It protects you from cold.
   It protects you from negative energy.
   It lets you see invisible.
 N - a +3 amulet of reflection {unknown}
Wands
 w - a wand of flame (28)
 y - a wand of clouds (8)
 G - a wand of digging (5)
Scrolls
 e - a scroll of blinking {unknown}
 h - 4 scrolls of magic mapping
 i - 3 scrolls of enchant weapon {unknown}
 l - 3 scrolls of immolation {unknown}
 m - 9 scrolls of remove curse {unknown}
 n - 3 scrolls of fear {unknown}
 o - a scroll of enchant armour {unknown}
 p - 4 scrolls of amnesia {unknown}
 r - 13 scrolls of identify {unknown}
 C - 4 scrolls of teleportation {unknown}
Potions
 d - a potion of might
 k - 5 potions of curing
 q - a potion of mutation
 s - a potion of invisibility
 z - a potion of resistance {unknown}
 A - 5 potions of agility {unknown}
 B - 3 potions of brilliance {unknown}
 D - a potion of cancellation {unknown}
 E - 3 potions of heal wounds
 J - 2 potions of haste {unknown}
 K - 2 potions of berserk rage
 L - a potion of ambrosia {unknown}
 O - 2 potions of flight {unknown}
Miscellaneous
 I - a sack of spiders
Comestibles
 f - 22 rations


   Skills:
 + Level 8.6 Fighting
 + Level 13.0 Long Blades
 + Level 10.3 Armour
 + Level 2.2 Dodging
 + Level 1.3 Stealth
 + Level 12.8 Shields
 + Level 1.3 Invocations
 + Level 2.0 Evocations


You had 10 spell levels left.
You didn't know any spells.
Your spell library contained the following spells:

 Spells                   Type           Power        Failure   Level  Hunger
 Corona                   Hex            #......      100%        1    ##.....
 Freeze                   Ice            #...         100%        1    ##.....
 Magic Dart               Conj           #...         100%        1    ##.....
 Blink                    Tloc           N/A          100%        2    ###....
 Call Imp                 Summ           #.......     100%        2    ###....
 Ensorcelled Hibernation  Hex/Ice        #.....       100%        2    ###....
 Slow                     Hex            #.......     100%        2    ###....
 Throw Frost              Conj/Ice       #.....       100%        2    ###....
 Confuse                  Hex            #.......     100%        3    ####...
 Conjure Flame            Conj/Fire      #.......     100%        3    ####...
 Dazzling Spray           Conj/Hex       #.....       100%        3    ####...
 Mephitic Cloud           Conj/Pois/Air  #.......     100%        3    ####...
 Ozocubu's Armour         Chrm/Ice       #.......     100%        3    ####...
 Tukima's Dance           Hex            #.......     100%        3    ####...
 Summon Ice Beast         Ice/Summ       #.......     100%        4    #####..
 Throw Icicle             Conj/Ice       #.......     100%        4    #####..


Dungeon Overview and Level Annotations

Branches:
Dungeon (12/15)            Temple (1/1) D:4            Lair (0/6) D:10
    Orc (0/2) D:11        Ossuary (visited)

Altars:
Ashenzari
Dithmenos
Fedhas
Gozag
Hepliaklqana
Kikubaaqudgha
Nemelex Xobeh
Okawaru
Qazlal
Trog
Zin
The Shining One

Shops:
D:9 =   D:11 :!


Innate Abilities, Weirdness & Mutations

You reflexively headbutt those who attack you in melee.
You have a pair of horns on your head.
Your flesh is cold resistant. (rC+)
You are resistant to hostile enchantments. (MR+)


Message History

Aiming: Throw Flame
Press: ? - help, Shift-Dir - straight line, f/p - electric eel
Aim: an electric eel (steam, heavily wounded)
The puff of flame misses the electric eel.
The electric eel shoots out a bolt of lightning at you!
The bolt of electricity hits you.
* * * LOW HITPOINT WARNING * * *
Evoke which item? (* to show all) (? for menu, Esc to quit)
Aiming: Throw Flame
Press: ? - help, Shift-Dir - straight line, f/p - electric eel
Aim: an electric eel (steam, heavily wounded)
The puff of flame hits the electric eel.
The electric eel is almost dead.
The electric eel is engulfed in a cloud of scalding steam.
You kill the electric eel!
Okawaru accepts your kill.
You hear a splash.
The electric eel shoots out a bolt of lightning at you!
The bolt of electricity hits you!
You die...

#####......###
#.#..........###
##..............##
#................#
#................#
≈♣♣................##
≈≈P.................#
≈♣................#
♣P##..@>........##
#............###
♣.#####........######
♣†.# #####....<....#
≈†♣## #####......
≈;≈≈ #...... ≈≈≈≈P
.....## ≈≈≈≈≈ ....##
≈≈≈≈ #....#


You could see an electric eel.

Vanquished Creatures
  Gastronok (D:8)
  Erica (D:8)
  3 two-headed ogres
  An unseen horror (D:10)
  Maurice (D:8)
  A troll (D:12)
  A hornet (D:9)
  3 slime creatures (D:11)
  A shadow (D:10)
  A water elemental (D:12)
  9 yaks
  A wyvern (D:8)
  2 hungry ghosts
  3 orc warriors
  2 sky beasts
  5 ice beasts
  An eye of draining (D:9)
  7 ogres
  2 phantoms
  4 centaurs
  3 big kobolds
  An elf zombie (Ossuary)
  6 bullfrogs
  A wyvern zombie (D:10)
  2 scorpions
  3 killer bees (D:10)
  2 electric eels (D:12)
  6 crimson imps
  A howler monkey (D:6)
  A quasit (D:9)
  4 bullfrog zombies
  4 centaur skeletons
  7 hounds
  4 jellies
  2 bullfrog skeletons
  4 orc priests (D:6)
  3 iguanas
  3 orc wizards
  6 worker ants
  A killer bee zombie (D:9)
  A hound zombie (D:8)
  2 hound skeletons
  3 mummies (Ossuary)
  Robin (D:4)
  11 adders
  2 shadow imps
  2 oozes
  An adder skeleton (D:9)
  6 adder zombies
  3 worms
  A dart slug (D:1)
  7 leopard geckos
  24 orcs
  7 giant cockroaches
  14 goblins
  14 hobgoblins
  16 kobolds
  6 quokkas
  3 ball pythons
  7 bats
  5 frilled lizards
  3 goblin zombies (Ossuary)
  3 hobgoblin zombies (Ossuary)
  4 kobold zombies (Ossuary)
  A leopard gecko skeleton (D:6)
  4 quokka zombies (Ossuary)
  13 rats
278 creatures vanquished.

Vanquished Creatures (others)
  A wizard (D:5)
1 creature vanquished.

Grand Total: 279 creatures vanquished

Notes
Turn   | Place    | Note
-------+----------+-------------------------------------------
     0 | D:1      | Peloso the Minotaur Fighter began the quest for the Orb.
     0 | D:1      | Reached XP level 1. HP: 19/19 MP: 0/0
   240 | D:1      | Reached XP level 2. HP: 27/27 MP: 1/1
   526 | D:1      | Reached XP level 3. HP: 33/33 MP: 2/2
   996 | D:2      | Reached skill level 3 in Long Blades
  1361 | D:2      | Reached XP level 4. HP: 40/40 MP: 3/3
  2164 | D:3      | Found a hazy altar of Hepliaklqana.
  2195 | D:3      | Found a stormy altar of Qazlal.
  2411 | D:3      | Gained mutation: You are resistant to hostile enchantments.
                  | (MR+) [potion of mutation]
  2411 | D:3      | Gained mutation: Your flesh is cold resistant. (rC+)
                  | [potion of mutation]
  2445 | D:4      | Found a staircase to the Ecumenical Temple.
  2445 | D:4      | Noticed Robin
  2470 | D:4      | Killed Robin
  2473 | D:4      | Reached XP level 5. HP: 19/46 MP: 4/4
  2734 | Temple   | Entered the Ecumenical Temple
  2766 | Temple   | Became a worshipper of Warmaster Okawaru
  2785 | D:4      | Reached skill level 4 in Long Blades
  2785 | D:4      | Reached skill level 1 in Dodging
  2941 | D:4      | Reached skill level 5 in Shields
  3045 | D:4      | Found a sparkling altar of Nemelex Xobeh.
  3136 | D:4      | Reached skill level 5 in Armour
  3232 | D:5      | Entered Level 5 of the Dungeon
  3249 | D:5      | Found a glowing silver altar of Zin.
  3267 | D:5      | Reached XP level 6. HP: 49/53 MP: 5/5
  3322 | D:5      | Reached * piety under Okawaru
  3322 | D:5      | Reached skill level 5 in Long Blades
  3569 | D:5      | Noticed an ice beast
  3579 | D:5      | Killed an ice beast
  3824 | D:5      | Reached XP level 7. HP: 60/60 MP: 6/6
  3944 | D:5      | Reached skill level 5 in Fighting
  3971 | D:5      | Found a bloodstained altar of Trog.
  3972 | D:5      | Noticed a wizard
  3978 | D:5      | Killed a wizard
  4071 | D:6      | Reached skill level 6 in Long Blades
  4156 | D:6      | Found a sand-covered staircase.
  4167 | Ossuary  | Entered an ossuary
  4180 | Ossuary  | Reached skill level 1 in Stealth
  4185 | Ossuary  | Reached skill level 1 in Evocations
  4678 | D:6      | Reached ** piety under Okawaru
  4877 | D:6      | Reached skill level 7 in Long Blades
  4877 | D:6      | Reached XP level 8. HP: 69/69 MP: 7/7
  4886 | D:6      | Found a blossoming altar of Fedhas.
  5069 | D:6      | Found a glowing golden altar of the Shining One.
  5507 | D:7      | Reached skill level 8 in Long Blades
  5565 | D:7      | Reached *** piety under Okawaru
  5618 | D:7      | Reached XP level 9. HP: 47/75 MP: 8/8
  5654 | D:7      | Found a shattered altar of Ashenzari.
  5897 | D:8      | Reached skill level 9 in Long Blades
  5901 | D:8      | Noticed Gastronok
  5914 | D:8      | Killed Gastronok
  5914 | D:8      | Reached **** piety under Okawaru
  5914 | D:8      | Reached skill level 10 in Long Blades
  5914 | D:8      | Reached XP level 10. HP: 81/86 MP: 6/9
  5988 | D:8      | Reached skill level 10 in Shields
  6157 | D:8      | Noticed a two-headed ogre
  6169 | D:8      | Killed a two-headed ogre
  6169 | D:8      | Reached skill level 11 in Long Blades
  6548 | D:8      | Noticed Erica
  6550 | D:8      | Noticed Maurice
  6568 | D:8      | Killed Erica
  6568 | D:8      | Reached ***** piety under Okawaru
  6568 | D:8      | Reached skill level 1 in Invocations
  6571 | D:8      | Killed Maurice
  6588 | D:8      | Received a gift from Okawaru
  6968 | D:9      | Noticed a two-headed ogre
  6977 | D:9      | Killed a two-headed ogre
  6988 | D:9      | Reached XP level 11. HP: 63/94 MP: 1/11
  7217 | D:9      | Paralysed by a hornet for 2 turns
  7450 | D:9      | Found Hafetara's Jewellery Emporium.
  7453 | D:9      | Bought the ring of Woip {rC+ rN+ Dex+2 SInv} for 551 gold
                  | pieces
  7453 | D:9      | Bought a cursed amulet of inaccuracy for 26 gold pieces
  7590 | D:9      | Reached skill level 12 in Long Blades
  7782 | D:10     | Entered Level 10 of the Dungeon
  7843 | D:10     | Found a staircase to the Lair.
  7926 | D:10     | Noticed an unseen horror
  7944 | D:10     | Killed an unseen horror
  7976 | D:10     | Noticed a two-headed ogre
  7984 | D:10     | Killed a two-headed ogre
  8090 | D:10     | Received a gift from Okawaru
  8480 | D:11     | Found Gewocoifi's Distillery.
  8486 | D:11     | Bought a potion of curing for 39 gold pieces
  8486 | D:11     | Bought a potion of berserk rage for 65 gold pieces
  8526 | D:11     | Reached skill level 10 in Armour
  8599 | D:11     | Found Efocif's Book Shop.
  8842 | D:11     | Found a staircase to the Orcish Mines.
  9074 | D:12     | Reached skill level 13 in Long Blades
  9096 | D:12     | Killed from afar by an electric eel

Levels and vault maps discovered:
D:1:      dpeg_arrival_prison, layout_basic, minmay_rat_gold_closets
D:2:      layout_basic
D:3:      layout_loops_ring, lemuel_coloured_pillars_altar,
          nicolae_qazlal_eye_of_the_storm, chequers_jeans
D:4:      layout_rooms, nemelex_xobeh_ov_fountains_minmay,
          minmay_temple_entry_tees, kennysheep_generic_room_8, uniq_robin
D:5:      layout_gridville, nicolae_overflow_crystal_walls, first_ration,
          hex_large, hangedman_decor_opposing, st_stairs_4, trog_wizard
D:6:      layout_cave_pods, fedhas_altar_3, nicolae_ossuary_entry_monument,
          tso_metal_star
D:7:      layout_cave_pools, lemuel_crystal_altar
D:8:      layout_basic, uniq_erica, uniq_gastronok, uniq_maurice
D:9:      layout_long_grid, serial_shops, nicolae_shop_behind_doors,
          blue_anna_alchemist [blue_anna_fruit_fields, blue_anna_fruit_fields]
D:10:     layout_rooms, lair_entry_dummy, serial_park_tiny_1
D:11:     layout_irregular_city, orc_0_dummy, serial_shops, nicolae_shop_stone,
          nicolae_shop_statue_plus
D:12:     layout_cave_pods, serial_shops, shop, serial_bayou,
          serial_bayou_ford_a, serial_bayou_pond_d, serial_bayou_lake_a,
          serial_bayou_pond_b, minmay_the_grid_2x2 [minmay_the_grid_embedded,
          minmay_the_grid_holed_spiral, minmay_the_grid_plusring,
          minmay_the_grid_prize_four_corners]
Temple:   regret_index_temple_sphere_string

Skill      XL: |  1  2  3  4  5  6  7  8  9 10 11 |
---------------+----------------------------------+-----
Shields        | 4 5 6 7 9 11 12 | 12.8
Fighting       | 4 5 6 7 8 |  8.6
Armour         | 4 5 7 8 9 10 | 10.3
Long Blades    | 3 4 5 7 8 10 11 13 | 13.0
Dodging        | 1 2 |  2.2
Stealth        | 1 |  1.3
Evocations     | 1 2 |  2.0
Invocations    | 1 |  1.3

Action                   |  1- 3 |  4- 6 |  7- 9 | 10-12 || total
-------------------------+-------+-------+-------+-------++-------
Melee: Long sword        |   100 |   165 |   185 |       ||   450
       Headbutt          |    13 |    25 |    60 |    90 ||   188
       Falchion          |       |       |    95 |   219 ||   314
       Scimitar          |       |       |       |   159 ||   159
Invok: Heroism           |       |       |     4 |     7 ||    11
 Abil: Evoke Berserk Rag |       |       |       |     1 ||     1
Evoke: Wand              |       |       |     1 |     6 ||     7
  Use: Potion            |     2 |     2 |     1 |       ||     5
       Scroll            |       |       |     2 |       ||     2
  Eat: Chunk             |     2 |     7 |     4 |    10 ||    23
       Ration            |       |       |     1 |     1 ||     2
Armor: Scale mail        |    45 |    61 |       |       ||   106
       Plate armour      |       |    19 |   162 |   137 ||   318
Dodge: Dodged            |    39 |    62 |    67 |    89 ||   257
Block: Shield            |    51 |   117 |   174 |   235 ||   577
       Rpst.: Long sword |     7 |    14 |    10 |       ||    31
       Falchion          |       |       |     7 |    13 ||    20
       Scimitar          |       |       |       |    12 ||    12
